 Dungeon Crawl Stone Soup version 0.31-a0-152-g6aa68a64a1 (webtiles) character file.

Game seed: 2099850814999970375

11407 qw the Cleaver (level 11, 0/71 HPs)
             Began as a Gargoyle Fighter on June 10, 2023.
             Was a Priest of Okawaru.
             Slain by Psyche
             ... wielding a +3 dagger of distortion
              (16 damage)
             ... on level 10 of the Dungeon.
             The game lasted 00:05:23 (10159 turns).

qw the Cleaver (Gargoyle Fighter)                  Turns: 10159, Time: 00:05:23

Health: 0/71       AC: 29    Str: 23    XL:     11   Next: 77%
Magic:  14/14      EV: 10    Int:  8    God:    Okawaru [***...]
Gold:   645        SH:  6    Dex: 13    Spells: 10/10 levels left

rFire   . . .        u - +0 broad axe (chaos)
rCold   . . .        c - +0 buckler
rNeg    + + .        m - +0 plate armour
rPois   inf          i - +0 helmet
rElec   +            l - +0 cloak
rCorr   .            (no gloves)
SInv    .            f - +0 pair of boots
Will    .....        n - amulet of the acrobat Stlth
                     p - ring of positive energy
HPRegen 0.31/turn    (no ring)
MPRegen 0.14/turn

%: acrobat
@: about to teleport, heroic, on berserk cooldown, slowed, very slow
A: sickness immunity, AC +8, negative energy resistance 1, electricity
resistance, torment resistance 1, petrification resistance, talons 1, agile 1
a: Renounce Religion, Heroism


You were on level 10 of the Dungeon.
You worshipped Okawaru.
Okawaru was most pleased with you.
You visited 2 branches of the dungeon, and saw 11 of its levels.

You collected 757 gold pieces.
You spent 112 gold pieces at shops.


Innate Abilities, Weirdness & Mutations

You are immune to sickness and miasma.
Your stone body is resilient. (AC +8)
You are immune to poison.
You resist negative energy. (rN+)
You are resistant to electric shocks. (rElec)
You are resistant to unholy torment.
You are immune to petrification.
You have sharp toenails.
You are agile. (Dex +4, Str/Int -1)


   Skills:
 - Level 9.1(14.1) Fighting
 - Level 12.0(17.0) Axes
 - Level 3.0(8.0) Throwing
 - Level 9.0(14.0) Armour
 - Level 2.2(7.2) Dodging
 + Level 5.5(10.5) Shields
 - Level 4.3 Invocations


You had 10 spell levels left.
You didn't know any spells.
Your spell library was empty.

Inventory:

Hand Weapons
 r - a +0 morningstar
 u - a +0 broad axe of chaos (weapon)
Missiles
 h - 3 javelins
 o - a boomerang (quivered)
Armour
 c - a +0 buckler (worn)
 f - a +0 pair of boots (worn)
 i - a +0 helmet (worn)
 l - a +0 cloak (worn)
 m - a +0 plate armour (worn)
 w - a +2 cloak of willpower
Jewellery
 g - the ring of the Gloaming {Fly rC- Dex+6}
   (You acquired it on level 6 of the Dungeon)

   [ring of flight]

   Dex:       It affects your dexterity (+6).
   rC:        It makes you vulnerable to cold.
   Fly:       It grants you flight.
 n - an amulet of the acrobat (around neck)
 p - a ring of positive energy (left hand)
 q - a ring of fire
 y - a ring of ice
 z - a ring of willpower
Scrolls
 a - 3 scrolls of identify
 b - a scroll of vulnerability {unknown}
 v - a scroll of teleportation
Potions
 d - 2 potions of might
 e - 3 potions of mutation
 j - 3 potions of lignification
 s - a potion of resistance
 t - 6 potions of curing
 x - a potion of attraction

Dungeon Overview and Level Annotations

Branches:
Dungeon (10/15)            Temple (1/1) D:7            Lair (0/5) D:10
    Orc (0/2) D:9

Altars:
Ashenzari
Cheibriados
Dithmenos
Elyvilon
Fedhas
Gozag
Hepliaklqana
Kikubaaqudgha
Makhleb
Nemelex Xobeh
Okawaru
Qazlal
Ru
Sif Muna
Trog
Uskayaw
Vehumet
Wu Jian
Xom
Yredelemnul
Zin
The Shining One

Shops:
D:4 (

Annotations:
D:10 Psyche


Message History

Enter note:
Enter note:
Enter note: You slice the efreet!!
The efreet's magic leaks into the air.
The efreet is almost dead.
A howler monkey comes into view.
You hear some strange, mumbled words.
A swirling arc of seething chaos appears!
An arc of chaos appears from out of thin air!
The arc of chaos hits you but does no damage.
The arc of chaos hits the efreet.
The efreet evaporates and reforms as a hellwing!
The howler monkey howls!
You slice the hellwing!!
You kill the hellwing!
Okawaru accepts your kill.
The orc warrior shoots an arrow.
The arrow hits you!
You are no longer berserk.
You are exhausted.
You feel yourself slow down. The wraith completely misses you.
Enter note:
Enter note:
Enter note:
Enter note: You barely miss the wraith.
You hear some strange, mumbled words.
Something tries to affect you, but you resist.
The wraith hits you but does no damage.
You slash the wraith!
The wraith is heavily damaged.
You miss something.
You hit the orc warrior but do no damage.
Something hits you but does no damage. Space warps horribly around you!
The wraith hits you but does no damage.
The orc warrior unwields a +0 orcbow.
The orc warrior wields a +0 battleaxe.
The orc warrior barely misses you.
10159 ||| READING 2 scrolls of teleportation.
As you read the scroll of teleportation, it crumbles to dust.
You feel strangely unstable. Something hits you but does no damage.
Space warps horribly around you!
You die...

#.........##
#.#
#####.....###
#.#
........#######
#.#
###..#~)~~~~~~~
#)#
#...).####..#
#.. ##..))# )#
### #~..).##.#
# #
#~....{..#h.###
#
#~###..@).T....
#### #~
#.oW....... #~
#... #
#)....~~~#'##
##~ #...
####..~8~# ..
.~ #... ...~~~#
. .T##...
....####
#~##... ##..#
#~##... #..#
#~##... #~.....


You could see a troll, a wraith, an orc warrior and a howler monkey.

Vanquished Creatures
  2 two-headed ogres (D:10)
  Sonja (D:10)
  Maurice (D:10)
  A kobold demonologist (D:7)
  A komodo dragon (D:10)
  Maggie (D:7)
  2 trolls (D:10)
  Prince Ribbit (D:6)
  A hornet (D:9)
  A hellwing (D:10)
  A slime creature (D:7)
  2 shadows (D:10)
  3 wraiths
  Sigmund (D:4)
  Eustachio (D:6)
  7 yaks (D:10)
  3 steam dragons
  2 wargs (D:10)
  An acid dragon (D:10)
  2 water moccasins
  A swamp drake (D:10)
  7 orc warriors
  A black bear (D:6)
  An ogre (D:6)
  2 sky beasts
  9 centaurs
  2 phantoms
  2 kobold brigands
  A bullfrog (D:7)
  2 gnoll sergeants
  2 scorpions
  5 wights (D:8)
  4 killer bees (D:8)
  An electric eel (D:8)
  9 howler monkeys
  3 orc priests
  6 hounds
  3 jellies
  4 sleepcaps
  Terence (D:3)
  An iguana (D:5)
  12 orc wizards
  Robin (D:4)
  7 adders
  3 gnolls (D:2)
  2 shadow imps
  An ufetubus (D:7)
  2 worms
  4 dart slugs
  37 orcs
  8 ball pythons
  6 endoplasms
  2 giant cockroaches
  15 hobgoblins
  6 jackals
  4 bats
  3 frilled lizards
  18 goblins
  3 kobolds
  6 rats
242 creatures vanquished.

Notes
Turn   | Place    | Note
-------+----------+-------------------------------------------
     0 | D:1      | qw the Gargoyle Fighter began the quest for the Orb.
     0 | D:1      | Reached XP level 1. HP: 14/14 MP: 1/1
     0 | D:1      | 0 ||| qw: Version: 0.2-a-29-g767f381
     0 | D:1      | 0 ||| qw: Game counter: 3910
     0 | D:1      | 0 ||| qw: Always use a shield: true
     0 | D:1      | 0 ||| qw: God list: Okawaru
     0 | D:1      | 0 ||| qw: Allow faded altars: false
     0 | D:1      | 0 ||| qw: Do Orc after D:15 true
     0 | D:1      | 0 ||| qw: Do second Lair branch before Depths: true
     0 | D:1      | 0 ||| qw: Lair rune preference: random
     0 | D:1      | 0 ||| qw: Plans: Normal, Zot:1-4, Slime:5, God:TSO, Crypt,
                  | Tomb, Abyss, Pan, Hells, Win
     0 | D:1      | 0 ||| PLANNING D:1-11
   320 | D:1      | Reached skill level 2 in Axes
   335 | D:1      | Reached XP level 2. HP: 17/19 MP: 2/2
   640 | D:1      | 640 ||| Stepping ~*~*~tactically~*~*~ (stealth).
   642 | D:1      | 642 ||| Stepping ~*~*~tactically~*~*~ (stealth).
   651 | D:1      | Reached skill level 3 in Axes
   901 | D:1      | 901 ||| READING 2 scrolls labelled SINWU YPPAI.
   902 | D:1      | 902 ||| READING scroll labelled KARABO KETITHI.
   905 | D:1      | 905 ||| READING scroll labelled LAUMOLLEENA.
   953 | D:2      | Reached XP level 3. HP: 23/23 MP: 3/3
  1124 | D:2      | 1124 ||| Stepping ~*~*~tactically~*~*~ (stealth).
  1128 | D:2      | 1128 ||| Stepping ~*~*~tactically~*~*~ (stealth).
  1173 | D:2      | HP: 1/23 [gnoll/+0 spear (5)]
  1176 | D:2      | Reached XP level 4. HP: 2/28 MP: 4/4
  1181 | D:2      | Reached skill level 4 in Axes
  1743 | D:2      | Reached XP level 5. HP: 32/32 MP: 5/5
  1773 | D:2      | 1773 ||| DROPPING ring of magical power.
  1774 | D:2      | 1774 ||| READING scroll labelled TOEWUT PUTIU.
  1775 | D:2      | 1775 ||| READING scroll labelled CIBONA HOISAFF.
  1776 | D:2      | 1776 ||| READING scroll labelled AVOUN OFUDA.
  1777 | D:2      | 1777 ||| READING 2 scrolls of identify.
  1777 | D:2      | 1777 ||| IDENTIFYING cyan potion
  1857 | D:3      | 1857 ||| Stepping ~*~*~tactically~*~*~ (hiding).
  2219 | D:3      | Noticed Terence
  2226 | D:3      | Killed Terence
  2227 | D:3      | Reached skill level 5 in Axes
  2533 | D:3      | 2533 ||| UPGRADING to +0 cloak.
  2538 | D:3      | 2538 ||| DRINKING 2 fuming green potions.
  2538 | D:3      | Gained mutation: You are agile. (Dex +4, Str/Int -1)
                  | [potion of mutation]
  2538 | D:3      | Gained mutation: You have sharp toenails. [potion of
                  | mutation]
  2539 | D:3      | 2539 ||| DRINKING 2 viscous pink potions.
  2540 | D:3      | 2540 ||| DROPPING potion of degeneration.
  2565 | D:4      | You fall into a shaft and drop 3 floors!
  2588 | D:7      | 2588 ||| READING scroll labelled INIOLA UXTYA.
  2694 | D:6      | Reached skill level 1 in Dodging
  2748 | D:6      | Reached XP level 6. HP: 38/38 MP: 6/6
  2804 | D:6      | 2804 ||| DROPPING +0 mace.
  2823 | D:6      | Noticed a black bear
  2832 | D:6      | Killed a black bear
  2862 | D:6      | Noticed Prince Ribbit
  2868 | D:6      | 2868 ||| Stepping ~*~*~tactically~*~*~ (stealth).
  2874 | D:6      | HP: 6/38 [Prince Ribbit (6)]
  2875 | D:6      | 2875 ||| READING 2 scrolls of teleportation.
  2875 | D:6      | HP: 2/38 [Prince Ribbit (4)]
  2876 | D:6      | 2876 ||| DRINKING potion of heal wounds.
  2965 | D:6      | 2965 ||| UPGRADING to +0 pair of boots.
  2970 | D:6      | 2970 ||| UPGRADING to ring of positive energy.
  2971 | D:6      | 2971 ||| READING scroll labelled ZUR HAKKISY.
  2971 | D:6      | Identified a scroll of acquirement
  2971 | D:6      | 2971 ||| ACQUIRING ring of the Gloaming {Fly rC- Dex+6}
  2971 | D:6      | Acquired the ring of the Gloaming {Fly rC- Dex+6}
  2973 | D:6      | 2973 ||| READING scroll labelled PUOCLO BATET.
  3036 | D:5      | Entered Level 5 of the Dungeon
  3073 | D:5      | Reached skill level 6 in Axes
  3073 | D:5      | Reached XP level 7. HP: 43/43 MP: 7/7
  3293 | D:5      | Found a glowing silver altar of Zin.
  3404 | D:5      | Reached skill level 7 in Axes
  3484 | D:4      | Noticed Robin
  3493 | D:4      | Killed Robin
  3596 | D:4      | 3596 ||| Stepping ~*~*~tactically~*~*~ (stealth).
  3599 | D:4      | 3599 ||| Stepping ~*~*~tactically~*~*~ (stealth).
  3617 | D:4      | 3617 ||| Stepping ~*~*~tactically~*~*~ (stealth).
  3781 | D:4      | Found Ysodur's Antique Weapon Shop.
  3802 | D:4      | 3802 ||| BUYING morningstar (112 gold).
  3802 | D:4      | Bought a morningstar for 112 gold pieces
  3802 | D:4      | 3802 ||| SHOPLISTING runed war axe (182 gold, have 164).
  3802 | D:4      | 3802 ||| DROPPING +0 flail.
  3897 | D:4      | Noticed Sigmund
  3898 | D:4      | 3898 ||| Stepping ~*~*~tactically~*~*~ (hiding).
  3902 | D:4      | 3902 ||| Stepping ~*~*~tactically~*~*~ (hiding).
  3903 | D:4      | 3903 ||| Stepping ~*~*~tactically~*~*~ (hiding).
  3908 | D:4      | Killed Sigmund
  3909 | D:4      | Reached XP level 8. HP: 45/51 MP: 8/8
  3934 | D:4      | 3934 ||| Stepping ~*~*~tactically~*~*~ (hiding).
  4134 | D:4      | 4134 ||| UPGRADING to +0 helmet.
  4139 | D:4      | 4139 ||| UPGRADING to amulet of the acrobat.
  4144 | D:4      | 4144 ||| READING scroll labelled VAM ESMEBLY.
  4205 | D:5      | Reached skill level 1 in Throwing
  4566 | D:5      | 4566 ||| READING 6 scrolls labelled WOORER KENGU.
  4567 | D:5      | 4567 ||| READING 5 scrolls of enchant weapon.
  4567 | D:5      | 4567 ||| ENCHANTING +1 war axe.
  4568 | D:5      | 4568 ||| READING 4 scrolls of enchant weapon.
  4568 | D:5      | 4568 ||| ENCHANTING +2 war axe.
  4569 | D:5      | 4569 ||| READING 3 scrolls of enchant weapon.
  4569 | D:5      | 4569 ||| ENCHANTING +3 war axe.
  4570 | D:5      | 4570 ||| READING 2 scrolls of enchant weapon.
  4570 | D:5      | 4570 ||| ENCHANTING +4 war axe.
  4571 | D:5      | 4571 ||| READING scroll of enchant weapon.
  4571 | D:5      | 4571 ||| ENCHANTING +5 war axe.
  4572 | D:5      | 4572 ||| READING 2 scrolls of identify.
  4572 | D:5      | 4572 ||| IDENTIFYING fizzy silvery potion
  4687 | D:6      | 4687 ||| Stepping ~*~*~tactically~*~*~ (stealth).
  4709 | D:6      | HP: 12/51 [Prince Ribbit (6)]
  4710 | D:6      | 4710 ||| READING 2 scrolls of teleportation.
  4711 | D:6      | Killed Prince Ribbit
  4712 | D:6      | Reached skill level 8 in Axes
  4928 | D:6      | Noticed Eustachio
  4938 | D:6      | Reached skill level 6 in Fighting
  4948 | D:6      | HP: 12/52 [shadow imp[Eustachio] (5)]
  4949 | D:6      | 4949 ||| READING scroll of teleportation.
  5363 | D:6      | 5363 ||| Stepping ~*~*~tactically~*~*~ (stealth).
  5364 | D:6      | 5364 ||| Stepping ~*~*~tactically~*~*~ (stealth).
  5384 | D:6      | Killed Eustachio
  5385 | D:6      | Reached XP level 9. HP: 55/56 MP: 9/9
  5443 | D:6      | 5443 ||| READING scroll labelled KOVIPP AGOCEF.
  5444 | D:6      | 5444 ||| READING 2 scrolls of identify.
  5444 | D:6      | 5444 ||| IDENTIFYING blue potion
  5445 | D:6      | 5445 ||| DROPPING potion of invisibility.
  5496 | D:7      | Found a staircase to the Ecumenical Temple.
  5497 | D:7      | 5497 ||| PLANNING TEMPLE
  5497 | D:7      | 5497 ||| Stepping ~*~*~tactically~*~*~ (stealth).
  5498 | D:7      | 5498 ||| Stepping ~*~*~tactically~*~*~ (stealth).
  5502 | D:7      | 5502 ||| Stepping ~*~*~tactically~*~*~ (hiding).
  5503 | D:7      | 5503 ||| Stepping ~*~*~tactically~*~*~ (hiding).
  5618 | Temple   | Entered the Ecumenical Temple
  5681 | Temple   | 5681 ||| PLANNING OKAWARU WORSHIP
  5696 | Temple   | Became a worshipper of Warmaster Okawaru
  5696 | Temple   | 5696 ||| PLANNING D:1-11
  5775 | D:7      | Reached skill level 9 in Axes
  5944 | D:7      | Found a white marble altar of Elyvilon.
  5958 | D:7      | Noticed Maggie
  5970 | D:7      | Killed Maggie
  5970 | D:7      | Reached * piety under Okawaru
  5971 | D:7      | 5971 ||| Stepping ~*~*~tactically~*~*~ (cloud).
  6030 | D:7      | 6030 ||| SWAPPING to +0 broad axe.
  6044 | D:7      | Reached skill level 1 in Invocations
  6056 | D:7      | 6056 ||| DROPPING +6 war axe of freezing.
  6215 | D:7      | 6215 ||| INVOKING Heroism.
  6235 | D:7      | 6235 ||| Stepping ~*~*~tactically~*~*~ (cloud).
  6236 | D:7      | 6236 ||| Stepping ~*~*~tactically~*~*~ (cloud).
  6237 | D:7      | 6237 ||| INVOKING Heroism.
  6248 | D:7      | 6248 ||| FLEEEEING.
  6249 | D:7      | 6249 ||| FLEEEEING.
  6250 | D:7      | 6250 ||| FLEEEEING.
  6251 | D:7      | 6251 ||| FLEEEEING.
  6252 | D:7      | 6252 ||| FLEEEEING.
  6257 | D:7      | 6257 ||| FLEEEEING.
  6262 | D:7      | 6262 ||| STAIRDANCE
  6359 | D:6      | 6359 ||| UPGRADING to +2 scale mail of poison resistance.
  6369 | D:6      | 6369 ||| DROPPING +0 scale mail.
  6370 | D:6      | 6370 ||| DROPPING orb of light.
  6371 | D:6      | 6371 ||| DRINKING 6 golden potions.
  6372 | D:6      | 6372 ||| READING 5 scrolls of identify.
  6372 | D:6      | 6372 ||| IDENTIFYING fizzy cyan potion
  6373 | D:6      | 6373 ||| READING 4 scrolls of identify.
  6373 | D:6      | 6373 ||| IDENTIFYING pink potion
  6374 | D:6      | 6374 ||| DROPPING potion of ambrosia.
  6392 | D:7      | 6392 ||| STAIRDANCE
  6396 | D:6      | Reached skill level 3 in Invocations
  6475 | D:7      | Noticed a kobold demonologist
  6477 | D:7      | 6477 ||| Stepping ~*~*~tactically~*~*~ (stealth).
  6478 | D:7      | 6478 ||| Stepping ~*~*~tactically~*~*~ (stealth).
  6480 | D:7      | 6480 ||| Stepping ~*~*~tactically~*~*~ (stealth).
  6491 | D:7      | Noticed a hellwing
  6492 | D:7      | 6492 ||| INVOKING Heroism.
  6495 | D:7      | Killed a kobold demonologist
  6496 | D:7      | Reached ** piety under Okawaru
  6498 | D:7      | Reached XP level 10. HP: 33/63 MP: 9/13
  6505 | D:7      | Reached skill level 10 in Axes
  6714 | D:7      | 6714 ||| UPGRADING to +0 chain mail.
  6724 | D:7      | 6724 ||| DROPPING +2 scale mail of poison resistance.
  6725 | D:7      | 6725 ||| DROPPING +2 leather armour of fire resistance.
  6892 | D:8      | 6892 ||| INVOKING Heroism.
  6927 | D:8      | 6927 ||| INVOKING Heroism.
  6964 | D:8      | 6964 ||| FLEEEEING.
  6965 | D:8      | 6965 ||| FLEEEEING.
  6966 | D:8      | 6966 ||| FLEEEEING.
  6967 | D:8      | 6967 ||| FLEEEEING.
  6996 | D:8      | 6996 ||| FLEEEEING.
  7069 | D:8      | Found a snail-covered altar of Cheibriados.
  7069 | D:8      | Found an ornate altar of the Wu Jian Council.
  7386 | D:8      | 7386 ||| Stepping ~*~*~tactically~*~*~ (stealth).
  7662 | D:8      | 7662 ||| UPGRADING to +0 plate armour.
  7672 | D:8      | 7672 ||| DROPPING +0 chain mail.
  7704 | D:9      | 7704 ||| STAIRDANCE
  7706 | D:8      | 7706 ||| INVOKING Heroism.
  7708 | D:8      | Reached skill level 6 in Armour
  7780 | D:9      | 7780 ||| STAIRDANCE
  7782 | D:8      | 7782 ||| INVOKING Heroism.
  7951 | D:9      | 7951 ||| INVOKING Heroism.
  8000 | D:9      | 8000 ||| Stepping ~*~*~tactically~*~*~ (hiding).
  8284 | D:9      | 8284 ||| Stepping ~*~*~tactically~*~*~ (hiding).
  8287 | D:9      | 8287 ||| INVOKING Heroism.
  8505 | D:9      | 8505 ||| READING scroll of brand weapon.
  8505 | D:9      | 8505 ||| BRANDING +0 broad axe.
  8549 | D:9      | 8549 ||| FLEEEEING.
  8550 | D:9      | 8550 ||| FLEEEEING.
  8551 | D:9      | 8551 ||| FLEEEEING.
  8553 | D:9      | 8553 ||| Stepping ~*~*~tactically~*~*~ (hiding).
  8863 | D:9      | 8863 ||| INVOKING Heroism.
  8884 | D:9      | Reached skill level 3 in Throwing
  8884 | D:9      | 8884 ||| DRINKING 6 potions of curing.
  8884 | D:9      | 8884 ||| (to cure confusion)
  8905 | D:9      | 8905 ||| Stepping ~*~*~tactically~*~*~ (stealth).
  8915 | D:9      | 8915 ||| INVOKING Heroism.
  8943 | D:9      | 8943 ||| INVOKING Heroism.
  8960 | D:9      | Found a staircase to the Orcish Mines.
  9020 | D:9      | 9020 ||| READING 5 scrolls of identify.
  9020 | D:9      | 9020 ||| IDENTIFYING brown potion
  9021 | D:9      | 9021 ||| READING 4 scrolls of identify.
  9021 | D:9      | 9021 ||| IDENTIFYING fuming black potion
  9022 | D:9      | 9022 ||| DROPPING potion of enlightenment.
  9062 | D:10     | Entered Level 10 of the Dungeon
  9062 | D:10     | Noticed Sonja
  9093 | D:10     | 9093 ||| STAIRDANCE
  9130 | D:10     | 9130 ||| STAIRDANCE
  9205 | D:10     | 9205 ||| INVOKING Heroism.
  9208 | D:10     | Killed Sonja
  9298 | D:10     | 9298 ||| INVOKING Heroism.
  9304 | D:10     | Reached skill level 11 in Axes
  9304 | D:10     | Reached XP level 11. HP: 68/68 MP: 11/14
  9412 | D:10     | Noticed Maurice
  9413 | D:10     | 9413 ||| Stepping ~*~*~tactically~*~*~ (hiding).
  9419 | D:10     | 9419 ||| Stepping ~*~*~tactically~*~*~ (stealth).
  9420 | D:10     | 9420 ||| Stepping ~*~*~tactically~*~*~ (hiding).
  9428 | D:10     | Killed Maurice
  9436 | D:10     | 9436 ||| INVOKING Heroism.
  9543 | D:10     | 9543 ||| Stepping ~*~*~tactically~*~*~ (hiding).
  9656 | D:10     | 9656 ||| INVOKING Heroism.
  9693 | D:10     | 9693 ||| Stepping ~*~*~tactically~*~*~ (stealth).
  9695 | D:10     | 9695 ||| Stepping ~*~*~tactically~*~*~ (stealth).
  9711 | D:10     | Reached *** piety under Okawaru
  9714 | D:10     | 9714 ||| INVOKING Heroism.
  9822 | D:10     | 9822 ||| INVOKING Heroism.
  9832 | D:10     | Reached skill level 9 in Fighting
  9841 | D:10     | 9841 ||| Stepping ~*~*~tactically~*~*~ (hiding).
  9844 | D:10     | Received a gift from Okawaru
  9852 | D:10     | HP: 9/71 [orc priest/divine providence (15)]
  9853 | D:10     | 9853 ||| READING 3 scrolls of teleportation.
  9854 | D:10     | 9854 ||| DRINKING potion of heal wounds.
  9855 | D:10     | 9855 ||| INVOKING Heroism.
 10088 | D:10     | Found a staircase to the Lair.
 10104 | D:10     | 10104 ||| INVOKING Heroism.
 10104 | D:10     | Noticed a two-headed ogre
 10106 | D:10     | Noticed a two-headed ogre
 10118 | D:10     | 10118 ||| INVOKING Heroism.
 10121 | D:10     | Killed a two-headed ogre
 10130 | D:10     | Killed a two-headed ogre
 10131 | D:10     | Noticed Psyche
 10132 | D:10     | Reached skill level 12 in Axes
 10136 | D:10     | 10136 ||| INVOKING Heroism.
 10150 | D:10     | Reached skill level 9 in Armour
 10158 | D:10     | HP: 16/71 [something (13)]
 10159 | D:10     | 10159 ||| READING 2 scrolls of teleportation.
 10159 | D:10     | Slain by Psyche

Levels and vault maps discovered:
D:1:      matt_arrival_refuge, layout_basic, serial_forest,
          infiniplex_forest_straight_2, infiniplex_forest_lined_2,
          infiniplex_forest_split, infiniplex_forest_end_1,
          infiniplex_forest_lined_room_3, infiniplex_forest_straight_2,
          infiniplex_forest_split, minmay_three_crescents
D:2:      layout_basic, serial_curves, eino_curves_02, eino_curves_03
D:3:      layout_loops_ring, corexii_shack, uniq_terence
D:4:      layout_rooms, serial_aquarium, aquarium_bridge_square
          [aquarium_subvault_window, aquarium_subvault_window,
          aquarium_subvault_wall, aquarium_subvault_bridge],
          aquarium_bridge_square [aquarium_subvault_balcony,
          aquarium_subvault_wall, aquarium_subvault_bridge,
          aquarium_subvault_window], aquarium_window_1, aquarium_window_1,
          aquarium_window_1, aquarium_window_fake, aquarium_view_2d,
          aquarium_balcony_5b, aquarium_pool_1, serial_shops,
          nicolae_shop_rolling_square, corexii_mini_fake_secret_closet,
          uniq_robin, uniq_sigmund
D:5:      layout_loops_ring, mainiacjoe_overflow_alcove_4
D:6:      layout_gridville, uniq_eustachio, uniq_prince_ribbit1
D:7:      minmay_chambers_of_sevens, layout_basic, elyvilon_altar_3,
          minmay_temple_entry_statues_fountains, uniq_maggie
D:8:      layout_cave_pods, nicolae_overflow_squiral
D:9:      layout_long_grid, david_orc_4, enter_bailey_4
D:10:     cheibrodos_ideogram_h, layout_basic, erik_lair_orcish_takeover,
          uniq_psyche, uniq_maurice, uniq_sonja
Temple:   compressed_dpeg_circular_temple

Skill      XL: |  1  2  3  4  5  6  7  8  9 10 11 |
---------------+----------------------------------+-----
Axes           | 2 3 4 5 6 7 8 9 11 12 | 12.0
Dodging        | 1 2 |  2.2
Fighting       | 4 5 6 7 8 9 |  9.1
Throwing       | 1 3 |  3.0
Shields        | 4 5 |  5.5
Invocations    | 4 |  4.3
Armour         | 4 7 9 |  9.0

Action                     |  1- 3 |  4- 6 |  7- 9 | 10-12 || total
---------------------------+-------+-------+-------+-------++-------
  Melee: War axe           |   105 |   146 |   208 |       ||   459
         Kick              |       |    14 |       |       ||    14
         Broad axe         |       |       |    74 |   368 ||   442
  Throw: Boomerang         |       |       |     1 |     7 ||     8
 Invoke: Heroism           |       |       |     3 |    19 ||    22
    Use: Scroll            |     3 |     8 |    14 |     5 ||    30
         Potion            |       |     3 |     1 |     2 ||     6
   Stab: Paralysed         |       |       |       |     1 ||     1
 Armour: Scale mail        |    48 |    77 |   185 |       ||   310
         Plate armour      |       |       |       |   281 ||   281
         Chain mail        |       |       |       |    29 ||    29
  Dodge: Dodged            |    48 |    65 |   116 |   221 ||   450
  Block: Buckler           |    17 |    30 |    57 |   118 ||   222

Table legend:
 A = Non-vault XP
 B = Vault XP
 C = Vault XP percentage of total XP
 D = Non-vault monster count
 E = Vault monster count
 F = Vault count percentage of total count
                 A         B        C        D         E       F
            +---------+---------+-------+---------+---------+-------
      Total |    7157 |    9140 |  56.1 |     163 |      80 |  32.9
            +---------+---------+-------+---------+---------+-------
        D:1 |      21 |      11 |  34.4 |      13 |       6 |  31.6
        D:2 |     134 |       0 |   0.0 |      34 |       0 |   0.0
        D:3 |      41 |      36 |  46.8 |      13 |       1 |   7.1
        D:4 |     110 |     248 |  69.3 |      14 |      12 |  46.2
        D:5 |     630 |       0 |   0.0 |      14 |       0 |   0.0
        D:6 |     654 |     614 |  48.4 |      13 |       3 |  18.8
        D:7 |     285 |    2056 |  87.8 |       6 |      14 |  70.0
        D:8 |    1457 |       0 |   0.0 |      23 |       0 |   0.0
        D:9 |    1057 |     725 |  40.7 |      19 |      20 |  51.3
       D:10 |    2768 |    5450 |  66.3 |      14 |      24 |  63.2
            +---------+---------+-------+---------+---------+-------
